 Dungeon Crawl Stone Soup version 0.18-a0-1186-gd02dc51 (webtiles) character file.

24144 Chiseanne the Protected (level 12, -1/106 HPs)
             Began as a Centaur Air Elementalist on Jan 27, 2016.
             Was an Initiate of Gozag.
             Slain by an infernal demonspawn
             ... wielding a cursed -3 halberd
              (9 damage)
             ... on level 2 of the Orcish Mines on Jan 28, 2016.
             The game lasted 01:03:07 (22684 turns).

Chiseanne the Protected (Centaur Air Elementalist) Turns: 22684, Time: 01:03:07

Health: -1/106     AC: -1    Str: 11    XL:     12   Next: 78%
Magic:  0/14       EV: 10    Int: 19    God:    Gozag
Gold:   143        SH: 19    Dex: 16    Spells: 1 memorised, 13 levels left

rFire  . . .     SeeInvis .     s - +2 whip (elec)
rCold  . . .     Gourm    .     O - +2 leather armour of the Moon {Dex+5}
rNeg   . . .     Faith    .     g - +3 large shield
rPois  +         Spirit   +     P - +2 helmet {Int+3}
rElec  .         Dismiss  .     m - +0 cloak
rCorr  .         Reflect  .     A - +0 pair of gloves
SustAt .         Harm     .     (no barding)
MR     .....                    H - amulet of guardian spirit
Stlth  +.........               h - ring of poison resistance
                                J - +2 ring of evasion

@: corroded equipment, gold aura, very quick, not resistant to hostile
enchantments, very unstealthy
A: hooves 3, deformed body, dopey 1, speed 2, tough skin 3, wild magic 1, sturdy
frame 1
a: Potion Petition, Call Merchant, Bribe Branch, Renounce Religion


You were on level 2 of the Orcish Mines.
You worshipped Gozag.
Gozag was noncommittal.
You were full.

You visited 3 branches of the dungeon, and saw 14 of its levels.

You collected 3547 gold pieces.
You spent 1885 gold pieces at shops.
You paid 569 gold pieces to Gozag.

Inventory:

Hand Weapons
 a - a +2 rapier of venom
 e - a +4 hunting sling of flaming
 i - a +1 morningstar of protection
 s - a +2 whip of electrocution (weapon)
 y - the +0 mace of Charity {drain, *Rage rElec SInv}
   (You found it on level 9 of the Dungeon)

   A truly terrible weapon, it drains the life of those it strikes.
   It insulates you from electricity.
   It lets you see invisible.
   It may make you go berserk in combat.
Missiles
 d - 29 sling bullets
 k - 31 poisoned needles
 o - 4 poisoned tomahawks
 p - 26 tomahawks (quivered)
 E - 78 bolts
 L - 10 sling bullets of frost
 M - 4 tomahawks of returning
Armour
 g - a +3 large shield (worn)
 m - a +0 cloak (worn)
 A - a +0 pair of gloves (worn)
 O - the +2 leather armour of the Moon (worn) {Dex+5}
   (You bought it in a shop on level 8 of the Dungeon)

   It affects your dexterity (+5).
 P - a +2 helmet of intelligence (worn)
Jewellery
 h - a ring of poison resistance (right hand)
 w - an uncursed ring of magical power
 F - an uncursed ring of fire
 H - an amulet of guardian spirit (around neck)
 J - a +2 ring of evasion (left hand)
Wands
 z - a wand of disintegration (1/24)
Scrolls
 f - 4 scrolls of teleportation
 j - 3 scrolls of identify
 D - 2 scrolls of fog
 R - 2 scrolls of immolation
 U - a scroll of magic mapping
 V - a scroll of remove curse
Potions
 l - a potion of magic
 q - a potion of might
 t - 3 potions of lignification
 u - 3 potions of resistance
 v - 2 potions of brilliance
 x - a potion of cancellation
 B - a potion of cure mutation
 C - 2 potions of agility
 G - 2 potions of ambrosia
 N - 3 potions of heal wounds
 Q - 3 potions of flight
 S - a potion of haste
 W - 2 potions of invisibility
 X - a potion of curing
Books
 b - a book of Air

   Spells                             Type                      Level
   a - Shock                          Conjuration/Air              1
   b - Swiftness                      Charms/Air                   2
   c - Repel Missiles                 Charms/Air                   2
   d - Static Discharge               Conjuration/Air              3
   e - Lightning Bolt                 Conjuration/Air              5
 K - a book of the Dragon

   Spells                             Type                      Level
   a - Flame Tongue                   Conjuration/Fire             1
   b - Cause Fear                     Hexes                        4
   c - Bolt of Fire                   Conjuration/Fire             6
   d - Dragon Form                    Transmutation                7
   e - Dragon's Call                  Summoning                    9
Miscellaneous
 n - a fan of gales (inert)
 I - a disc of storms
Comestibles
 c - 5 bread rations
 r - 8 meat rations
 T - 4 fruits


   Skills:
 * Level 9.9 Fighting
 - Level 10.5 Armour
 - Level 1.3 Dodging
 - Level 1.8 Stealth
 * Level 10.5 Shields
 - Level 1.0 Unarmed Combat
 - Level 1.5 Spellcasting
 - Level 0.8 Conjurations
 - Level 2.6 Air Magic


You had 13 spell levels left.
You knew the following spells:

 Your Spells              Type           Power        Failure   Level  Hunger
a - Shock                 Conj/Air       ##..         38%         1    ##.....


Dungeon Overview and Level Annotations

Branches:
Dungeon (11/15)            Temple (1/1) D:7            Lair (0/8) D:11
    Orc (2/2) D:11            Elf (0/3) Orc:2

Altars:
Ashenzari
Cheibriados
Dithmenos
Elyvilon
Fedhas
Gozag
Kikubaaqudgha
Makhleb
Nemelex Xobeh
Okawaru
Pakellas
Qazlal
Ru
Sif Muna
Trog
Vehumet
Xom
Yredelemnul
Zin
The Shining One
Beogh

Shops:
D:8 [   Orc:1 ?   Orc:2 !


Innate Abilities, Weirdness & Mutations

You have hooves in place of feet.
Armour fits poorly on your strangely shaped body.
You cover ground very quickly.
You have extremely tough skin (AC +3).
You are dopey. (Int -2)
Your spells are a little harder to cast, but a little more powerful.
Your movements are slightly less encumbered by armour (ER -2).


Message History

The infernal demonspawn barely misses you.
The orc high priest hits you with a hand axe.
You block the iron imp's attack. You block the rust devil's attack.
The neqoxec hits you.
You hit the orc high priest but do no damage.
There is a sudden explosion of sparks!
You kill the orc high priest!
The rust devil disappears in a puff of smoke!
The ice devil disappears in a puff of smoke!
The neqoxec disappears in a puff of smoke!
The iron imp disappears in a puff of smoke!
The white imp disappears in a puff of smoke!
The crimson imp disappears in a puff of smoke!
The infernal demonspawn closely misses you.
The gelid demonspawn hits you with a demon blade!!
The infernal demonspawn hits you from afar with a halberd!!
* * * LOW HITPOINT WARNING * * *
You are engulfed in flames!
You die...
Your body crumbles into a pile of gold.

##.$$###...###..#
##...##.##...###..
##...##...##......)
##...##..#,,##m..#))
##.#$##..#**,,##..)[#
##..$$§6.#*,∩*,.##.)..
#.§..6#6##∩,,,...##.)#
##§§..[.$##,∩#o.##[[..
##.#@##$.###6.##)...#
##..[##..#..##...#..
##...##o..##.[.)...
####..[##.##..[###).
##.###...###.[.###.[#
#...###...#...###[.##
*#...###.#.#.###.[### ##*
##*###....###...###[.####
##.#*##.##..#....###.###..###.[


You could see 2 demonspawn and an infernal demonspawn.

Vanquished Creatures
  An orc warlord (Orc:2)
  2 orc high priests (Orc:2)
  A hell hog (shapeshifter) (D:11)
  2 hill giants (D:11)
  An orc knight (Orc:1)
  4 orc sorcerers
  A manticore (D:11)
  Joseph (D:8)
  A hellwing (Orc:2)
  4 trolls
  3 two-headed ogres
  Grinder (D:4)
  Prince Ribbit (D:7)
  A spriggan (D:8)
  10 yaks
  A vampire (D:9)
  Eustachio (D:6)
  3 hungry ghosts
  A mottled dragon (D:11)
  A warg (Orc:2)
  Duvessa (D:5)
  A water moccasin (D:11)
  17 orc warriors
  A sky beast (D:10)
  3 black bears
  6 ogres
  A phantom (D:7)
  3 centaurs
  A crocodile (D:11)
  Blork the orc (D:5)
  5 giant frogs
  2 wyvern zombies
  Dowan (D:5)
  10 scorpions
  13 killer bees
  A wight (D:10)
  2 electric eels (D:10)
  8 crimson imps
  6 hounds
  6 jellies
  2 centaur skeletons
  3 centaur zombies
  A wasp zombie (D:9)
  2 giant frog skeletons
  15 orc priests
  A gnoll shaman (D:8)
  2 hell rats
  4 iguanas
  19 orc wizards
  4 worker ants
  2 hound skeletons
  2 worker ant zombies
  7 gnolls
  11 adders
  5 shadow imps
  3 oozes
  2 adder skeletons
  3 worms
  5 giant geckos
  67 orcs
  A ball python (D:1)
  10 bats
  5 giant cockroaches
  5 goblins
  13 hobgoblins
  4 jackals (D:3)
  9 kobolds
  3 quokkas
  5 giant newts
  13 rats
358 creatures vanquished.

Vanquished Creatures (collateral kills)
  An ettin (Orc:2)
  A soul eater (Orc:2)
  3 orc high priests (Orc:2)
  5 orc knights (Orc:2)
  3 orc sorcerers
  A rust devil (Orc:2)
  A hellwing (Orc:2)
  2 trolls
  A red devil (Orc:2)
  5 yaks (D:11)
  3 wargs
  24 orc warriors
  3 ogres
  A centaur (D:11)
  A crocodile (D:11)
  A wasp zombie (D:11)
  A quasit (D:11)
  6 orc wizards
  11 orc priests (Orc:2)
  A worker ant (D:11)
  37 orcs
  A quokka (D:11)
113 creatures vanquished.

Vanquished Creatures (others)
  A merfolk impaler (Orc:2)
  An orc knight (Orc:2)
  An orc priest (Orc:2)
  An orc (Orc:2)
4 creatures vanquished.

Grand Total: 475 creatures vanquished

Notes
Turn   | Place    | Note
--------------------------------------------------------------
     0 | D:1      | Chiseanne the Centaur Air Elementalist began the quest for the Orb.
     0 | D:1      | Reached XP level 1. HP: 14/14 MP: 3/3
     0 | D:1      | Noticed a golden dragon
     0 | D:1      | Noticed an iron dragon
     2 | D:1      | Noticed a large abomination
     2 | D:1      | Noticed a shadow dragon
     4 | D:1      | Noticed an ice dragon
     6 | D:1      | Noticed a yellow draconian
     7 | D:1      | Noticed an iron dragon
     9 | D:1      | Noticed an ice dragon
    11 | D:1      | Noticed a large abomination
    11 | D:1      | Noticed an iron dragon
    13 | D:1      | Noticed a large abomination
    13 | D:1      | Noticed a tentacled monstrosity
    15 | D:1      | Noticed an ice dragon
    15 | D:1      | Noticed a large abomination
    17 | D:1      | Noticed a large abomination
    19 | D:1      | Noticed an orb of fire
    19 | D:1      | Noticed a large abomination
    21 | D:1      | Noticed an orb of fire
   109 | D:1      | Reached skill level 1 in Fighting
   148 | D:1      | Reached XP level 2. HP: 21/23 MP: 2/4
   660 | D:1      | Reached skill level 1 in Shields
   660 | D:1      | Reached XP level 3. HP: 14/29 MP: 5/5
  1904 | D:2      | Reached XP level 4. HP: 30/37 MP: 6/6
  2461 | D:3      | Reached skill level 1 in Armour
  2497 | D:3      | Noticed a centaur
  2506 | D:3      | Killed a centaur
  2506 | D:3      | Reached skill level 3 in Fighting
  2506 | D:3      | Reached XP level 5. HP: 17/45 MP: 7/7
  3033 | D:3      | Reached XP level 6. HP: 49/51 MP: 8/8
  3786 | D:3      | Gained mutation: Your spells are a little harder to cast, but a little more powerful. [potion of beneficial mutation]
  3900 | D:4      | Noticed Grinder
  4545 | D:4      | Paralysed by Grinder for 2 turns
  4557 | D:4      | Paralysed by Grinder for 4 turns
  4567 | D:4      | Paralysed by Grinder for 2 turns
  4724 | D:4      | Paralysed by Grinder for 4 turns
  4760 | D:4      | Killed Grinder
  4760 | D:4      | Reached skill level 4 in Fighting
  4760 | D:4      | Reached XP level 7. HP: 47/59 MP: 9/9
  5235 | D:5      | Entered Level 5 of the Dungeon
  5239 | D:5      | Noticed Duvessa
  5244 | D:5      | Noticed Dowan
  5253 | D:5      | Killed Duvessa
  5266 | D:5      | Killed Dowan
  5447 | D:5      | Found a blossoming altar of Fedhas.
  5632 | D:5      | Reached XP level 8. HP: 45/67 MP: 10/10
  5871 | D:5      | Noticed Blork the orc
  5885 | D:5      | Killed Blork the orc
  6449 | D:6      | Found an oddly glowing altar of Pakellas.
  6453 | D:6      | Found a sparkling altar of Nemelex Xobeh.
  6453 | D:6      | Found a bloodstained altar of Trog.
  6462 | D:6      | Found an ancient bone altar of Kikubaaqudgha.
  6466 | D:6      | Found a stormy altar of Qazlal.
  6504 | D:6      | Noticed Eustachio
  6542 | D:6      | Killed Eustachio
  7027 | D:6      | Found a blossoming altar of Fedhas.
  7027 | D:6      | Found an opulent altar of Gozag.
  7029 | D:6      | Found a shimmering altar of Xom.
  7130 | D:6      | Reached skill level 5 in Fighting
  7460 | D:7      | Reached skill level 5 in Shields
  7488 | D:7      | Noticed Prince Ribbit
  7525 | D:7      | Killed Prince Ribbit
  7525 | D:7      | Reached skill level 5 in Armour
  7765 | D:7      | Found a staircase to the Ecumenical Temple.
  7796 | D:7      | Reached XP level 9. HP: 26/74 MP: 11/11
  7858 | Temple   | Entered the Ecumenical Temple
  8754 | D:6      | Became a worshipper of Gozag Ym Sagoz the Greedy
  8844 | D:8      | Reached skill level 1 in Unarmed Combat
  8903 | D:8      | Reached skill level 6 in Shields
  9532 | D:8      | Noticed Joseph
  9566 | D:8      | Killed Joseph
  9927 | D:8      | Reached XP level 10. HP: 65/84 MP: 12/12
 11070 | D:9      | Reached skill level 7 in Shields
 11872 | D:9      | Got an ichor-stained mace
 12862 | D:8      | Bought a jewelled leather armour for 210 gold pieces
 12862 | D:8      | Bought a shiny helmet for 135 gold pieces
 13078 | D:10     | Entered Level 10 of the Dungeon
 14222 | D:10     | Noticed a hill giant
 14281 | D:11     | Noticed a hill giant
 14350 | D:10     | Reached skill level 8 in Armour
 14806 | D:11     | Found a staircase to the Lair.
 15213 | D:11     | Killed a hill giant
 15213 | D:11     | Reached XP level 11. HP: 60/93 MP: 13/13
 15404 | D:11     | Noticed a giant orange brain
 15405 | D:11     | Noticed a sea snake
 15405 | D:11     | a giant orange brain changed into a sea snake
 15407 | D:11     | Noticed a hell hog
 15407 | D:11     | a sea snake changed into a hell hog
 15422 | D:11     | Killed a hell hog
 15430 | D:11     | HP: 2/94 [burnt (3)]
 16504 | D:11     | Identified the +2 leather armour of the Moon {Dex+5} (You bought it in a shop on level 8 of the Dungeon)
 16609 | D:11     | Identified the cursed +0 mace of Charity {drain, *Rage rElec SInv} (You found it on level 9 of the Dungeon)
 16655 | D:11     | Noticed a hill giant
 16667 | D:11     | Killed a hill giant
 16852 | D:11     | Found a staircase to the Orcish Mines.
 17282 | D:11     | Upgraded the game from 0.18-a0-1180-g64ccc1e to 0.18-a0-1186-gd02dc51
 17282 | D:11     | Hired Bogfrid the orc knight for 627 gold.
 17453 | D:11     | Reached skill level 9 in Armour
 17701 | D:11     | Found a roughly hewn altar of Beogh.
 17875 | Orc:1    | Entered Level 1 of the Orcish Mines
 17875 | Orc:1    | Found a roughly hewn altar of Beogh.
 18111 | Orc:1    | Noticed an orc sorcerer
 18112 | Orc:1    | Noticed an orc knight
 18122 | Orc:1    | Noticed a sun demon
 18123 | Orc:1    | Killed an orc sorcerer
 18126 | Orc:1    | Killed an orc knight
 18243 | Orc:1    | Found Mymit's Magic Scroll Emporium.
 18328 | Orc:1    | Bought a scroll of identify for 28 gold pieces
 18328 | Orc:1    | Bought 2 scrolls of identify for 56 gold pieces
 18328 | Orc:1    | Bought a scroll of identify for 28 gold pieces
 18328 | Orc:1    | Bought a scroll of enchant armour for 105 gold pieces
 18328 | Orc:1    | Bought a scroll of summoning for 133 gold pieces
 18328 | Orc:1    | Bought a scroll of identify for 28 gold pieces
 18328 | Orc:1    | Bought a scroll of immolation for 49 gold pieces
 18328 | Orc:1    | Bought a scroll of magic mapping for 49 gold pieces
 18328 | Orc:1    | Bought a scroll of remove curse for 42 gold pieces
 18334 | Orc:1    | Gained mutation: Your movements are slightly less encumbered by armour (ER -2). [potion of beneficial mutation]
 18353 | Orc:2    | Entered Level 2 of the Orcish Mines
 18420 | Orc:2    | Noticed an orc warlord
 18458 | Orc:2    | Killed an orc warlord
 18820 | Orc:2    | Found a staircase to the Elven Halls.
 18828 | Orc:2    | Reached XP level 12. HP: 94/104 MP: 12/14
 18958 | Orc:2    | Your ally Bogfrid died
 19372 | Orc:2    | Found Wuoshrer's Food Shoppe.
 19373 | Orc:2    | Found Pioheod's Distillery.
 19784 | Orc:2    | Noticed an ettin
 20541 | Orc:2    | Hired Walysed the merfolk for 323 gold.
 20565 | Orc:2    | Killed an ettin
 20989 | Orc:2    | Reached skill level 10 in Armour
 21271 | Orc:2    | Bought a royal jelly for 22 gold pieces
 21271 | Orc:2    | Bought a beef jerky for 16 gold pieces
 21271 | Orc:2    | Bought 4 fruits for 66 gold pieces
 21271 | Orc:2    | Bought a bread ration for 55 gold pieces
 21271 | Orc:2    | Bought a bread ration for 55 gold pieces
 21271 | Orc:2    | Bought a royal jelly for 22 gold pieces
 21271 | Orc:2    | Bought a bread ration for 55 gold pieces
 21271 | Orc:2    | Bought a meat ration for 55 gold pieces
 21280 | Orc:2    | Bought a potion of heal wounds for 65 gold pieces
 21280 | Orc:2    | Bought a potion of haste for 130 gold pieces
 21280 | Orc:2    | Bought 2 potions of invisibility for 208 gold pieces
 21280 | Orc:2    | Bought a potion of heal wounds for 65 gold pieces
 21280 | Orc:2    | Bought a potion of heal wounds for 65 gold pieces
 21280 | Orc:2    | Bought a potion of curing for 39 gold pieces
 21280 | Orc:2    | Bought a potion of ambrosia for 104 gold pieces
 21372 | Orc:2    | Reached skill level 10 in Shields
 21412 | Orc:2    | Noticed an orc high priest
 21425 | Orc:2    | Killed an orc high priest
 21434 | Orc:2    | Noticed an orc high priest
 21437 | Orc:2    | Noticed an orc high priest
 21437 | Orc:2    | Noticed an orc high priest
 21442 | Orc:2    | Killed an orc high priest
 21478 | Orc:2    | Killed an orc high priest
 21696 | Orc:2    | Killed an orc high priest
 21708 | Orc:2    | Noticed an orc high priest
 21713 | Orc:2    | Your ally Walysed died
 22679 | Orc:2    | Gained mutation: You are dopey. (Int -2) [a neqoxec]
 22683 | Orc:2    | Killed an orc high priest
 22684 | Orc:2    | Slain by an infernal demonspawn

Vault maps used:
D:1:      shiori_arrival_whats_in_store_for_you
D:2:      minivault_27
D:3:      minmay_quantized
D:4:      first_bread, uniq_grinder
D:5:      fedhas_altar_1, uniq_blork_the_orc, uniq_duvessa
D:6:      minmay_overflow_temple_star_hex, nicolae_overflow_hidden_temple,
          uniq_eustachio
D:7:      black_bear_nest_1, minmay_temple_entry_crystal_x, uniq_prince_ribbit1
D:8:      minmay_curly_fans, the_bakery, minmay_misc_feat_plants, uniq_joseph
D:10:     erik_rubicon_b, serial_ice, serial_ice_g, serial_ice_k, serial_ice_c,
          serial_ice_d, serial_ice_e, serial_ice_o, serial_ice_n
D:11:     kennysheep_ambush_hall, dpeg_lair_monsters,
          minmay_orc_entry_temple_small
Temple:   eino_temple_water_12
Orc:1:    serial_shops, shop, basic_altar
Orc:2:    pf_orc_diabolical

Action                   |  1- 3 |  4- 6 |  7- 9 | 10-12 || total
-------------------------+-------+-------+-------+-------++-------
Melee: Spear             |    24 |     6 |     4 |       ||    34
       Short sword       |    87 |   217 |   145 |       ||   449
       Morningstar       |       |       |    30 |       ||    30
       Rapier            |       |       |   307 |   769 ||  1076
       Whip              |       |       |     6 |   251 ||   257
Throw: Tomahawk          |       |     2 |     1 |     7 ||    10
 Cast: Shock             |     6 |       |       |       ||     6
Invok: Call Merchant     |       |       |       |     1 ||     1
Evoke: Wand              |       |       |     5 |     7 ||    12
       Deck              |       |       |       |     5 ||     5
       Fan of gales      |       |       |       |     1 ||     1
  Use: Scroll            |       |    11 |    14 |    13 ||    38
       Potion            |       |     1 |     3 |     2 ||     6
 Stab: Distracted        |       |       |     1 |    12 ||    13
  Eat: Chunk             |     2 |     8 |    10 |       ||    20
       Fruit             |       |       |     1 |     2 ||     3
       Royal jelly       |       |       |     2 |     2 ||     4
       Beef jerky        |       |       |     2 |     1 ||     3
       Pizza             |       |       |     1 |     1 ||     2
       Bread ration      |       |       |       |    11 ||    11
